 Dungeon Crawl Stone Soup version 0.31-a0-455-g1a7b003ef0 (webtiles) character file.

Game seed: 4436467496035999537

307 GloriousHammer the Firebug (level 5, -5/38 HPs)
             Began as a Demigod Fire Elementalist on Aug 3, 2023.
             Killed themself with a badly aimed concussive blast (13 damage)
             ... on level 4 of the Dungeon.
             The game lasted 00:06:11 (3802 turns).

GloriousHammer the Firebug (DgFE)                   Turns: 3802, Time: 00:06:11

Health: -5/38      AC:  2    Str:  9    XL:     5   Next: 94%
Magic:  9/12       EV: 12    Int: 21    God:
Gold:   144        SH:  0    Dex: 14    Spells: 4/10 levels left

rFire   . . .        h - +1 dagger (venom)
rCold   . . .        (no shield)
rNeg    . . .        a - +0 robe
rPois   .            (no helmet)
rElec   .            (no cloak)
rCorr   .            (no gloves)
SInv    .            (no boots)
Will    .....        (no amulet)
Stlth   ++           (no ring)
HPRegen 0.26/turn    (no ring)
MPRegen 0.13/turn

%: no passive effects
@: no status effects
A: high MP 1, forlorn, divine attributes
a: no special abilities


You were on level 4 of the Dungeon.
You visited 1 branch of the dungeon, and saw 4 of its levels.

You collected 144 gold pieces.

Inventory:

Hand Weapons
 c - a +0 whip
 h - a +1 dagger of venom (weapon)
 s - a +0 short sword of electrocution
Missiles
 t - 5 atropa-tipped darts
 v - 3 poisoned darts
Armour
 a - a +0 robe (worn)
Jewellery
 C - a ring of ice
Talismans
 r - a serpent talisman
Wands
 o - a wand of roots (7)
Scrolls
 d - 2 scrolls of summoning {unknown}
 f - 2 scrolls of enchant weapon {unknown}
 k - a scroll of brand weapon {unknown}
 m - a scroll of identify {unknown}
 n - a scroll of immolation {unknown}
 u - a scroll of revelation {unknown}
 w - a scroll of blinking {unknown}
Potions
 b - a potion of magic
 e - a potion of mutation {unknown}
 g - 2 potions of degeneration {unknown}
 i - a potion of attraction {unknown}
 j - 3 potions of enlightenment {unknown}
 l - 4 potions of heal wounds {unknown}
 p - 2 potions of berserk rage {unknown}
 q - a potion of curing {unknown}


   Skills:
 - Level 1.7 Dodging
 - Level 1.7 Stealth
 + Level 3.0 Spellcasting
 - Level 2.0 Conjurations
 + Level 2.0 Translocations
 * Level 4.8 Fire Magic


You had 4 spell levels left.
You knew the following spells:

 Your Spells              Type           Power      Damage    Failure   Level
a - Foxfire               Conj/Fire      68%        2x1d7     3%          1
b - Scorch                Fire           46%        2d6       2%          2
c - Volatile Blastmotes   Fire/Tloc      34%        2d12      10%         3

Your spell library contained the following spells:

 Spells                   Type           Power      Damage    Failure   Level
 Shock                    Conj/Air       28%        1d4       9%          1
 Sandblast                Erth           6%         2d5       13%         1
 Inner Flame              Hex/Fire       13%        N/A       14%         3
 Gell's Gravitas          Tloc           11%        N/A       17%         3
 Teleport Other           Tloc           11%        N/A       17%         3
 Ensorcelled Hibernation  Hex/Ice        6%         N/A       21%         2
 Passwall                 Tmut/Erth      2%         N/A       21%         2
 Stone Arrow              Conj/Erth      14%        3d7       26%         3
 Flame Wave               Conj/Fire      17%        2d7       32%         4
 Swiftness                Air            3%         N/A       36%         3
 Airstrike                Air            1%         2d(1-17)  78%         4
 Animate Dead             Necr           3%         N/A       78%         4
 Dispersal                Tloc           5%         N/A       100%        6
 Haunt                    Necr/Summ      1%         N/A       100%        7
 Infestation              Necr           1%         N/A       100%        8


Dungeon Overview and Level Annotations

Branches:
Dungeon (4/15)
 Temple: D:4-7

Shops:
D:4 *

Annotations:
D:2 1 runed translucent door, Crazy Yiuf


Innate Abilities, Weirdness & Mutations

You have an increased reservoir of magic. (+10% MP)
You shall have no god before yourself.
Your divine heritage dramatically boosts your attributes as you level up.


Message History

Nothing appears to happen.
Casting: Foxfire (safe; 3% risk of failure)
Confirm with . or Enter, or press ? or * to list all spells.
You conjure some foxfire!
Casting: Foxfire (safe; 3% risk of failure)
Confirm with . or Enter, or press ? or * to list all spells.
You conjure some foxfire!
Casting: Foxfire (safe; 3% risk of failure)
Confirm with . or Enter, or press ? or * to list all spells.
You conjure some foxfire!
The kobold shouts!
The foxfire hits the kobold.
You kill the kobold!
Your foxfire dissipates!
Your foxfire dissipates! x2
Your magical contamination has completely faded away.
You see here a +0 club. 2 orc wizards come into view.
There are monsters nearby!
There are monsters nearby!
An orc comes into view. It is wielding a +0 club.
The orc wizard shouts!
The orc shouts!
The orc wizard gestures at you while chanting.
You resist with some effort. The orc wizard casts a spell at you.
You resist with some effort.
Casting: Foxfire (safe; 3% risk of failure)
Confirm with . or Enter, or press ? or * to list all spells.
You conjure some foxfire!
The orc wizard casts a spell at you.
You are confused.
The orc wizard casts a spell at you. You resist with some effort.
You're too confused to cast spells.
An orc comes into view. It is wielding a +0 hand axe.
An orc comes into view. It is wielding a +0 whip.
The foxfire hits the orc wizard.
The orc wizard is lightly wounded.
The foxfire hits the orc wizard.
The orc wizard is moderately wounded.
Unknown command.
The orc wizard points at you and mumbles some strange words.
The magic dart hits you! The orc wizard casts a spell at you.
You are more confused.
The orc wizard gestures at you while chanting.
The magic dart hits you.
You bump into the rock wall.
Unknown command.
You hit the orc wizard but do no damage.
The orc wizard hits you with a +0 dagger.
Unknown command.
The orc wizard attacks as you move away!
The orc wizard hits you but does no damage.
The orc wizard mumbles some strange words.
The orc wizard flickers and vanishes!
Deactivating autopickup; reactivate with Ctrl-A.
You feel less confused.
Unknown command.
The orc attacks as you move away! The orc hits you but does no damage.
You hear some strange, mumbled words.
A puff of flame appears from out of thin air!
The puff of flame hits you!
The orc wizard gestures at you while chanting.
The magic dart hits something.
Something completely misses you. Something hits you.
The orc wizard mumbles some strange words.
The orc wizard flickers and vanishes!
Unknown command.
Casting: Foxfire (safe; 3% risk of failure)
Confirm with . or Enter, or press ? or * to list all spells.
You don't know that spell.
Unknown command.
Unknown command.
Casting: Foxfire (safe; 3% risk of failure)
Confirm with . or Enter, or press ? or * to list all spells.
You don't know that spell.
Unknown command.
Casting: Foxfire (safe; 3% risk of failure)
Confirm with . or Enter, or press ? or * to list all spells.
You don't know that spell.
Unknown command.
Unknown command.
Unknown command.
Unknown command.
Unknown command.
Unknown command.
Unknown command.
Casting: Foxfire (safe; 3% risk of failure)
Confirm with . or Enter, or press ? or * to list all spells.
A cloud of volatile blastmotes flares up around you!
Something hits you.
A magic dart appears from out of thin air!
The magic dart hits you!
* * * LOW HITPOINT WARNING * * *
The cloud of blastmotes explodes!
The concussive blast engulfs the orc.
The orc is severely wounded.
The concussive blast engulfs you!
You die...

###### #.##.# #######.##.#
#.......##.#######
###########..........#
#######..)...@o{oo......####
........##.####.#....####
#######.##.## #.#....#
##.........###.#....###
.....##.##.#...........# #
.###...........#.#.##.###.##.
##.#
#.........................
...#
#........#...#..##........
...# #...##.###......
...##.###


You could see 3 orcs.

Vanquished Creatures
  A black bear (D:4)
  Natasha (thrice) (D:2)
  Terence (D:2)
  A sleepcap (D:4)
  A gnoll (D:1)
  An adder (D:3)
  A dart slug (D:1)
  2 orcs
  4 bats
  6 endoplasms
  3 giant cockroaches
  7 goblins
  2 hobgoblins
  9 jackals
  3 quokkas
  6 ball pythons
  4 frilled lizards
  8 kobolds
  6 rats
69 creatures vanquished.

Vanquished Creatures (others)
  199 foxfires
199 creatures vanquished.

Grand Total: 268 creatures vanquished

Notes
Turn   | Place    | Note
-------+----------+-------------------------------------------
     0 | D:1      | GloriousHammer the Demigod Fire Elementalist began the
                  | quest for the Orb.
     0 | D:1      | Reached XP level 1. HP: 14/14 MP: 5/5
   119 | D:1      | Reached skill level 1 in Conjurations
   166 | D:1      | Reached skill level 3 in Fire Magic
   166 | D:1      | Reached XP level 2. HP: 14/20 MP: 0/7
   873 | D:1      | Learned a level 2 spell: Scorch
   971 | D:1      | Reached XP level 3. HP: 26/26 MP: 5/8
  1421 | D:1      | Learned a level 3 spell: Volatile Blastmotes
  1491 | D:2      | Noticed Terence
  1508 | D:2      | Killed Terence
  1815 | D:2      | Noticed Natasha
  1819 | D:2      | Killed Natasha
  1820 | D:2      | Reached XP level 4. HP: 33/33 MP: 4/10
  1832 | D:2      | Noticed Natasha
  1837 | D:2      | Killed Natasha
  1838 | D:2      | Reached skill level 1 in Translocations
  1838 | D:2      | Reached skill level 4 in Fire Magic
  2109 | D:2      | Found a runed translucent door.
  2110 | D:2      | Noticed Crazy Yiuf
  2334 | D:2      | Noticed Natasha
  2341 | D:2      | Killed Natasha
  2783 | D:3      | Reached XP level 5. HP: 38/38 MP: 7/11
  3601 | D:4      | Noticed a black bear
  3603 | D:4      | Found Zumune's Gadget Gallery.
  3617 | D:4      | Killed a black bear
  3802 | D:4      | Killed themself with a badly aimed concussive blast

Illustrated notes

Levels and vault maps discovered:
D:1:      dpeg_arrival_circle_labyrinth_c, layout_basic
D:2:      layout_rooms, amcnicky_mini_rare_corridor_liquid, grunt_decor_clamped,
          uniq_crazy_yiuf_cottage, uniq_natasha, uniq_terence
D:3:      layout_basic, zin_treasury
D:4:      layout_basic, marbit_many_paths, nicolae_shop_gadgets

Skill      XL: |  1  2  3  4  5 |
---------------+----------------+-----
Conjurations   | 1 2 |  2.0
Spellcasting   | 2 3 |  3.0
Fire Magic     | 3 4 |  4.8
Translocations | 1 2 |  2.0
Dodging        | |  1.7
Stealth        | |  1.7

Action                     |  1- 3 |  4- 6 || total
---------------------------+-------+-------++-------
  Melee: Whip              |     6 |       ||     6
         Dagger            |     8 |    10 ||    18
   Cast: Foxfire           |    62 |    65 ||   127
         Scorch            |     5 |    15 ||    20
         Volatile Blastmot |       |     1 ||     1
   Stab: Sleeping          |     2 |       ||     2
 Armour: Robe              |     2 |     5 ||     7
  Dodge: Dodged            |     7 |    12 ||    19

Table legend: (Time is in decaauts)
 A = Elapsed time spent in this place.
 B = Non-inter-level travel time spent in this place.
 C = Inter-level travel time spent in this place.
 D = Time resting spent in this place.
 E = Time spent auto-exploring this place.
 F = Levels seen in this place.
 G = Mean time per level.
                   A        B        C        D        E       F      G
               +--------+--------+--------+--------+--------+-----+--------+
         Total |   3809 |   3617 |    192 |    123 |   2921 |   4 |  952.2 |
       Dungeon |   3809 |   3617 |    192 |    123 |   2921 |   4 |  952.2 |
               +--------+--------+--------+--------+--------+-----+--------+

Top non-repeatable levels by time:
     D:1: 1476 daAuts
     D:2: 1113 daAuts
     D:3: 851 daAuts
     D:4: 367 daAuts
